 Dungeon Sprint DCSS version 0.30-a0-279-g4b46babb21 (webtiles) character file.

Game seed: 10357905800268332903

2183 rocky1 the Covert (level 9, -5/67 HPs)
             Began as an Octopode Transmuter on Oct 16, 2022.
             Was an Initiate of Gozag.
             Slain by an orc knight
             ... wielding a +1 war axe of freezing
              (30 damage)
             ... in the Dungeon (Sprint III: "The Ten Rune Challenge").
             The game lasted 00:07:44 (2208 turns).

rocky1 the Covert (Octopode Transmuter)             Turns: 2208, Time: 00:07:45

Health: -5/67      AC:  2    Str: 11    XL:     9   Next: 33%
Magic:  17/21      EV: 26    Int: 18    God:    Gozag
Gold:   101        SH:  0    Dex: 17    Spells: 14/24 levels left

rFire   . . .      SeeInvis .      - Unarmed
rCold   . . .      Faith    .    (shield currently unavailable)
rNeg    . . .      Spirit   .    (helmet currently unavailable)
rPois   x          Reflect  .    (no amulet)
rElec   .          Harm     .    (no ring)
rCorr   .          Rampage  .    (no ring)
Will    .....      NoTele   +    (no ring)
Stlth   +++++.....               (no ring)
HPRegen 0.31/turn                (no ring)
MPRegen 0.17/turn                (no ring)
                                 (no ring)
                                 (no ring)

@: spider-form, hasted, very quick
A: venomous fangs, almost no armour, (amphibious), 8 rings, tiny, (camouflage
1), (gelatinous body 1), (nimble swimmer 1), (tentacles)
a: End Transformation, Renounce Religion, Potion Petition, Call Merchant, Bribe
Branch


You were in the Dungeon.
You worshipped Gozag.
Gozag was aware of your devotion.
You were a venomous arachnid creature.
You visited 1 branch You collected 521 gold pieces.
You paid 420 gold pieces to Gozag.

Inventory:

Wands
 b - a wand of quicksilver (5)
Scrolls
 g - a scroll of blinking
 h - 2 scrolls of poison {unknown}
 i - a scroll of amnesia {unknown}
 k - a scroll of immolation {unknown}
Potions
 e - 2 potions of magic
 j - 2 potions of flight {unknown}
 l - 6 potions of mutation
Miscellaneous
 a - a phantom mirror


   Skills:
 + Level 8.5 Fighting
 + Level 8.8 Dodging
 + Level 12.0 Stealth
 * Level 9.3 Unarmed Combat
 - Level 8.0 Spellcasting
 - Level 8.8 Transmutations


You had 14 spell levels left.
You knew the following spells:

 Your Spells              Type           Power      Damage    Failure   Level
a - Beastly Appendage     Tmut           78%        N/A       2%          1
b - Wereblood             Tmut           39%        N/A       3%          2
c - Spider Form           Tmut/Pois      23%        N/A       14%         3
d - Ice Form              Ice/Tmut       23%        N/A       34%         4

Your spell library contained the following spells:

 Spells                   Type           Power      Damage    Failure   Level
 Passage of Golubria      Tloc           7%         N/A       85%         4
 Silence                  Hex/Air        3%         N/A       99%         5
 Lehudib's Crystal Spear  Conj/Erth      3%         10d3      100%        8


Dungeon Overview and Level Annotations

Branches:
Dungeon (1/1)

Altars:
Cheibriados
Dithmenos
Elyvilon
Fedhas
Gozag
Hepliaklqana
Kikubaaqudgha
Makhleb
Nemelex Xobeh
Okawaru
Qazlal
Ru
Sif Muna
Trog
Uskayaw
Vehumet
Wu Jian
Xom
Yredelemnul
Zin
The Shining One
Jiyva
Lugonu

Shops:
D [


Innate Abilities, Weirdness & Mutations

You are a venomous arachnid creature.
You have poisonous fangs.
You are tiny and dextrous.
Your spellcasting is less reliable in this form.
Your armour is entirely melded.
You are incapable of wielding weapons or throwing items.
You cannot wear most types of armour.
((You are amphibious.))
You can wear up to eight rings at the same time.
((Your skin changes colour to match your surroundings (Stealth+).))
((Your rubbery body absorbs attacks. (AC +1, EV +1)))
((You are camouflaged when in or above water. (Stealth+)))
((You have tentacles for arms and can constrict up to eight enemies at once.))


Message History

The orc warrior hits you with a +0 hand axe.
You feel sick.
The orc warrior attacks as you move away!
The orc warrior completely misses you.
You feel sick.
You feel sick.
There is an open door here.
You feel sick.
You are no longer poisoned.
The orc knight shoots a bolt.
The bolt closely misses you.
Your magical contamination has completely faded away.
Your transformation has ended.
The orc knight shoots a bolt.
The bolt hits you!
Okay, then.
You feel better.
Unknown command.
You need at least 3000 gold to offer a bribe.
Unknown command.
Casting: Spider Form (dangerous; 4% risk of failure)
Confirm with . or Enter, or press ? or * to list all spells.
You turn into a venomous arachnid creature.
Unknown command.
You feel yourself speed up.
The orc knight unwields a +0 arbalest.
The orc knight wields a +1 war axe of freezing.
It glows with a cold blue light!
The orc knight hits you with a +1 war axe of freezing!
The orc knight freezes you.
You are too injured to fight recklessly!
You are too injured to fight recklessly!
You barely miss the orc knight. You hit the orc knight.
The orc knight is poisoned.
The orc knight is lightly wounded.
The orc knight roars a battlecry!
The orc warrior goes into a battle-frenzy!
You bite the orc knight!
The orc knight looks as sick as possible!
The orc knight is moderately wounded.
The orc knight hits you with a +1 war axe of freezing!!
You die...
Your body crumbles into a pile of gold.

▓▓▓▓▓▓▓▓ ▓▓▓ ▓▓ .'...♣.♣♣
♣.############$ ##$## .#......♣
♣.#___#___#__####$$$$# ##....♣♣♣
♣.#)..#__)#._#....oooo
.#....~♣♣♣♣♣.###'#'###'##o.oooooo
.#...~~♣.♣♣..#..........#o..ooooo
.#..~~÷~♣♣...'.⌠oo......#oooo$$$$
'#..~≈≈~~~...#..s######'#o# $
)#.~~≈~~~....#.⌠.#__#...#$#####
.#.~≈~~~.....#...#__#...#oo~~~+
.#.~~~.......#'###__#...#o#o~§#
##...........#.).#__#..$$.#§§.#
.............#___#__'...#.#§§.#
▓▓▓▓▓▓▓▓▓▓▓▓▓▓▓▓▓▓▓▓▓▓▓▓▓▓▓▓▓▓▓


You could see an orc knight (strong, extremely poisoned) and an orc warrior
(strong).

Vanquished Creatures
  Snorg (D)
  A deep elf pyromancer (D)
  A shadow (D)
  A spatial vortex (D)
  2 orc warriors (D)
  A necrophage (D)
  A water elemental (D)
  A jelly (D)
  Jessica (D)
  A necromancer (D)
  A wizard (D)
  3 orc wizards (D)
  3 humans (D)
  A kobold demonologist (D)
  A wolf (D)
  An endoplasm (D)
  2 rats (D)
23 creatures vanquished.

Notes
Turn   | Place    | Note
-------+----------+-------------------------------------------
     0 | D        | rocky1 the Octopode Transmuter began the quest for the Orb.
     0 | D        | Reached XP level 1. HP: 13/13 MP: 3/3
     6 | D        | Reached skill level 1 in Stealth
   218 | D        | Noticed Jessica
   223 | D        | Killed Jessica
   224 | D        | Reached skill level 3 in Stealth
   224 | D        | Reached XP level 2. HP: 20/20 MP: 2/5
   224 | D        | Reached XP level 3. HP: 25/25 MP: 2/7
   450 | D        | Learned a level 2 spell: Wereblood
   454 | D        | Learned a level 3 spell: Spider Form
   674 | D        | Reached skill level 4 in Stealth
   674 | D        | Reached XP level 4. HP: 17/31 MP: 6/9
   898 | D        | Noticed a water elemental
   911 | D        | Killed a water elemental
   912 | D        | Reached skill level 5 in Stealth
   912 | D        | Reached XP level 5. HP: 13/37 MP: 9/11
  1111 | D        | Learned a level 4 spell: Ice Form
  1123 | D        | Noticed a shadow
  1138 | D        | Reached skill level 5 in Unarmed Combat
  1147 | D        | Killed a shadow
  1148 | D        | Reached skill level 5 in Fighting
  1148 | D        | Reached skill level 5 in Dodging
  1148 | D        | Reached skill level 7 in Stealth
  1148 | D        | Reached skill level 5 in Spellcasting
  1148 | D        | Reached skill level 5 in Transmutations
  1148 | D        | Reached XP level 6. HP: 12/45 MP: 11/13
  1402 | D        | Found a blossoming altar of Fedhas.
  1402 | D        | Found a stormy altar of Qazlal.
  1402 | D        | Found a snail-covered altar of Cheibriados.
  1402 | D        | Found a burning altar of Makhleb.
  1402 | D        | Found a shimmering altar of Xom.
  1403 | D        | Found a hazy altar of Hepliaklqana.
  1403 | D        | Found an opulent altar of Gozag.
  1403 | D        | Found a sparkling altar of Nemelex Xobeh.
  1403 | D        | Found a corrupted altar of Lugonu.
  1403 | D        | Found a viscous altar of Jiyva.
  1403 | D        | Noticed a spatial vortex
  1409 | D        | Became a worshipper of Gozag Ym Sagoz the Greedy
  1420 | D        | Killed a spatial vortex
  1421 | D        | Reached skill level 8 in Stealth
  1441 | D        | Found a basalt altar of Yredelemnul.
  1441 | D        | Found a shadowy altar of Dithmenos.
  1441 | D        | Found a sacrificial altar of Ru.
  1450 | D        | Reached XP level 7. HP: 46/51 MP: 11/15
  1488 | D        | Found a radiant altar of Vehumet.
  1488 | D        | Found a shimmering blue altar of Sif Muna.
  1488 | D        | Found an ancient bone altar of Kikubaaqudgha.
  1494 | D        | Noticed a sun demon
  1717 | D        | Found a glowing silver altar of Zin.
  1717 | D        | Found a glowing golden altar of the Shining One.
  1717 | D        | Found a white marble altar of Elyvilon.
  1718 | D        | Noticed a deep elf pyromancer
  1723 | D        | Killed a deep elf pyromancer
  1724 | D        | Reached skill level 10 in Stealth
  1724 | D        | Reached XP level 8. HP: 48/60 MP: 16/18
  1768 | D        | Found a hide-covered altar of Uskayaw.
  1768 | D        | Found an iron altar of Okawaru.
  1768 | D        | Found a bloodstained altar of Trog.
  1768 | D        | Found an ornate altar of the Wu Jian Council.
  1827 | D        | Noticed Snorg
  1847 | D        | HP: 4/90 [Snorg (29)]
  1849 | D        | Killed Snorg
  1850 | D        | Reached skill level 11 in Stealth
  1850 | D        | Reached XP level 9. HP: 4/66 MP: 18/20
  2145 | D        | Noticed an orc knight
  2147 | D        | Found Uxupih's Armour Emporium.
  2147 | D        | Noticed an orc knight
  2185 | D        | Reached skill level 12 in Stealth
  2208 | D        | Slain by an orc knight

Illustrated notes

Levels and vault maps discovered:
D:        dungeon_sprint_mu [sprint_mu_entry_forest, sprint_mu_temple_rooms,
          sprint_mu_d1_horrors, sprint_mu_d2_genie, sprint_mu_d3_branching,
          sprint_mu_orc_legion, sprint_mu_elf_gauntlet, sprint_mu_hive_nellie,
          sprint_mu_lair_fedhas, sprint_mu_vaults_butterflies,
          sprint_mu_slime_circle, sprint_mu_shoals_kraken,
          sprint_mu_snake_twists, sprint_mu_blade_basic,
          sprint_mu_crypt_fortress, sprint_mu_tomb_spiral,
          sprint_mu_vestibule_basic, sprint_mu_gehenna_hellfire,
          sprint_mu_dis_giant, sprint_mu_tartarus_statrot,
          sprint_mu_cocytus_islands, sprint_mu_zot1]

Skill      XL: |  1  2  3  4  5  6  7  8  9 |
---------------+----------------------------+-----
Stealth        | 3 4 5 7 8 10 11 12 | 12.0
Fighting       | 2 3 5 7 8 |  8.5
Dodging        | 3 4 5 6 7 8 |  8.8
Transmutations | 3 4 5 6 7 8 |  8.8
Unarmed Combat | 4 6 7 8 9 |  9.3
Spellcasting   | 3 4 5 6 7 8 |  8.0

Action                   |  1- 3 |  4- 6 |  7- 9 || total
-------------------------+-------+-------+-------++-------
Melee: Unarmed           |    25 |    44 |    63 ||   132
       Constrict         |     3 |       |     1 ||     4
       Kick              |     1 |    11 |     2 ||    14
       Tentacles         |     1 |     7 |     2 ||    10
       Punch             |       |     4 |       ||     4
 Cast: Beastly Appendage |     2 |     5 |     1 ||     8
       Spider Form       |     2 |     2 |     8 ||    12
Invok: Potion Petition   |       |       |     1 ||     1
  Use: Potion            |       |     4 |     2 ||     6
 Stab: Sleeping          |     1 |     3 |     5 ||     9
Armor: Skin              |       |     6 |     2 ||     8
Dodge: Dodged            |    18 |    20 |    73 ||   111

Table legend: (Time is in decaauts)
 A = Elapsed time spent in this place.
 B = Non-inter-level travel time spent in this place.
 C = Inter-level travel time spent in this place.
 D = Time resting spent in this place.
 E = Time spent auto-exploring this place.
 F = Levels seen in this place.
 G = Mean time per level.
                   A        B        C        D        E       F      G
               +--------+--------+--------+--------+--------+-----+--------+
         Total |   2214 |   2214 |      0 |   1785 |      0 |   1 | 2214.0 |
       Dungeon |   2214 |   2214 |      0 |   1785 |      0 |   1 | 2214.0 |
               +--------+--------+--------+--------+--------+-----+--------+

Top non-repeatable levels by time:
       D: 2214 daAuts
